 Dungeon Crawl Stone Soup version 0.28-a0-413-gde365fb1df (webtiles) character file.

Game seed: 5751759517456958386

15171 lunkers the Brawler (level 11, -6/117 HPs)
             Began as a Troll Cinder Acolyte on Sept 7, 2021.
             Was a High Priest of Ignis.
             Mangled by a white ugly thing (21 damage)
             ... on level 12 of the Dungeon.
             The game lasted 00:24:42 (9478 turns).

lunkers the Brawler (Troll Cinder Acolyte)          Turns: 9478, Time: 00:24:43

Health: -6/117     AC: 10    Str: 24    XL:     11   Next: 98%
Magic:  0/20       EV: 12    Int: 10    God:    Ignis [*****.]
Gold:   1088       SH:  0    Dex:  8    Spells: 12/12 levels left

rFire   + . .      SeeInvis .     - Unarmed
rCold   . . .      Faith    .   (no shield)
rNeg    . . .      Spirit   +   E - +0 swamp dragon scales
rPois   +          Reflect  .   (helmet restricted)
rElec   .          Harm     .   J - +0 cloak {rPois}
rCorr   .          Rampage  .   (gloves unavailable)
Will    .....                   (boots unavailable)
Stlth   ..........              k - amulet of guardian spirit
HPRegen 1.29/turn               m - ring of magical power
MPRegen 0.17/turn               x - +4 ring of evasion

@: about to teleport
A: large, unfitting armour, claws 3, regeneration 1, shaggy fur 1, tough skin 1
a: Renounce Religion, Sea of Fire, Foxfire Swarm, Rising Flame


You were on level 12 of the Dungeon.
You worshipped Ignis.
Ignis was extremely pleased with you.
You visited 1 branch of the dungeon, and saw 12 of its levels.
You also visited: Sewer.

You collected 1757 gold pieces.
You spent 669 gold pieces at shops.

Inventory:

Missiles
 i - 77 poisoned darts (quivered)
 y - 4 curare-tipped darts
 D - 2 throwing nets
Armour
 v - a +2 robe of fire resistance
 A - a scarf of resistance
 B - +0 steam dragon scales
 E - +0 swamp dragon scales (worn)
 J - a +0 cloak of poison resistance (worn)
Jewellery
 a - the ring "Xosos" {Fly rC+ Int+6 Dex+3}
   (You acquired it on level 3 of the Dungeon)

   [ring of intelligence]

   Int:       It affects your intelligence (+6).
   Dex:       It affects your dexterity (+3).
   rC:        It protects you from cold.
   Fly:       It grants you flight.
 c - a ring of resist corrosion
 k - an amulet of guardian spirit (around neck)
 m - a ring of magical power (left claw)
 p - a ring of willpower
 x - a +4 ring of evasion (right claw)
 C - a ring of poison resistance
 I - a +6 ring of dexterity
Wands
 e - a wand of paralysis (21)
 n - a wand of flame (19)
 K - a wand of iceblast (20)
Scrolls
 d - a scroll of teleportation
 h - 3 scrolls of vulnerability
 l - 2 scrolls of summoning
 r - 2 scrolls of blinking
 z - a scroll of enchant armour
Potions
 b - 4 potions of curing
 f - a potion of flight
 g - 2 potions of cancellation
 j - 2 potions of ambrosia
 o - 3 potions of brilliance
 q - 2 potions of invisibility
 s - a potion of heal wounds
 t - 2 potions of might
 u - 4 potions of magic
 w - a potion of lignification
 F - a potion of berserk rage
 H - a potion of resistance


   Skills:
 + Level 9.9 Fighting
 * Level 15.4 Unarmed Combat
 - Level 1.0 Spellcasting
 - Level 2.1 Fire Magic


You had 12 spell levels left.
You didn't know any spells.
Your spell library contained the following spells:

 Spells                   Type           Power      Damage    Failure   Level
 Scorch                   Fire           8%         2d5       32%         2
 Ensorcelled Hibernation  Hex/Ice        0%         N/A       63%         2
 Gell's Gravitas          Tloc           0%         N/A       85%         3
 Lesser Beckoning         Tloc           0%         N/A       85%         3
 Teleport Other           Tloc           0%         N/A       85%         3
 Tukima's Dance           Hex            0%         N/A       85%         3


Dungeon Overview and Level Annotations

Branches:
Dungeon (12/15)            Temple (0/1) D:7            Lair (0/6) D:8
    Orc (0/2) D:10          Sewer (visited)

Altars:
Nemelex Xobeh
Beogh

Shops:
D:4 [!!:   D:7 *   D:10 *   D:11 [

Portals:
Trove: D:11 (give 5 scrolls of fear)

Annotations:
D:5 3 runed translucent doors, Spaninq's ghost, novice OpTm
D:7 1 runed translucent door, siradein's ghost, novice NaFi
D:9 Erolcha


Innate Abilities, Weirdness & Mutations

You are too large for most types of armour.
You have claws for hands.
Your natural rate of healing is unusually fast.
You are covered in fur. (AC +1)
You have tough skin. (AC +1)


Message History

Unknown command.
Something hits you.
* * * LOW HITPOINT WARNING * * *
Something hits you.
* * * LOW HITPOINT WARNING * * *
Something hits you but does no damage. Something hits you.
* * * LOW HITPOINT WARNING * * *
Your surroundings suddenly seem different.
A yak, an ugly thing, a two-headed ogre and a wraith come into view.
The cyan ugly thing gurgles horribly!
The two-headed ogre shouts in stereo!
The yak bellows!
You hear a horrible gurgling sound!
You hear a shout!
The yak gores you but does no damage. The two-headed ogre closely misses you.
The two-headed ogre hits you with a +0 giant club.
* * * LOW HITPOINT WARNING * * *
A white ugly thing comes into view.
Unknown command.
As you read the scroll of teleportation, it crumbles to dust.
You feel strangely unstable. The yak gores you!
* * * LOW MAGIC WARNING * * *
* * * LOW HITPOINT WARNING * * *
The two-headed ogre misses you. The two-headed ogre closely misses you.
Unknown command.
A centaur comes into view.
The centaur shouts!
You hear an angry buzzing noise.
You hear a shout!
A vampire mosquito comes into view.
The cyan ugly thing claws you!
* * * LOW MAGIC WARNING * * *
* * * LOW HITPOINT WARNING * * *
The cyan ugly thing shocks you!
* * * LOW MAGIC WARNING * * *
* * * LOW HITPOINT WARNING * * *
The centaur moves out of view.
A boulder beetle comes into view.
You feel much better. The yak completely misses you.
The white ugly thing tentacle-slaps you!
* * * LOW HITPOINT WARNING * * *
The white ugly thing freezes you!!
* * * LOW MAGIC WARNING * * *
You die...

...###
#..########
..# #..#
#..# #..# #
#..# #.
#..#
#..#.O#
B.#...uY#
c.y..Wu@#
#########


You could see a boulder beetle, 2 ugly things, a two-headed ogre, a yak, a
wraith, a vampire mosquito and a centaur.

Vanquished Creatures
  Harold (D:8)
  A boulder beetle (D:11)
  2 two-headed ogres
  A skeletal warrior (D:12)
  2 deep elf pyromancers (D:12)
  A cyclops (D:12)
  A manticore (D:11)
  2 gargoyles (D:12)
  Maggie (D:9)
  Psyche (D:8)
  A kobold demonologist (D:10)
  2 unseen horrors
  A guardian mummy (D:11)
  A yaktaur (D:12)
  4 trolls
  A slime creature (D:12)
  Grinder (D:4)
  A shadow (D:12)
  2 wyverns
  10 yaks (D:11)
  Grum (D:8)
  3 steam dragons
  4 vampire mosquitoes
  An acid dragon (D:9)
  A water moccasin (D:7)
  Duvessa (D:6)
  An orc warrior (D:10)
  A sky beast (D:5)
  A black bear (D:6)
  A necrophage (D:5)
  9 centaurs
  An ogre (D:6)
  4 wolves (D:8)
  A phantom (D:5)
  2 kobold brigands
  Blork the orc (D:4)
  A gnoll sergeant (D:8)
  3 bullfrogs
  2 scorpions
  Dowan (D:6)
  5 howler monkeys
  2 bullfrog zombies
  A centaur zombie (D:9)
  4 hounds
  4 orc priests
  A centaur skeleton (D:7)
  3 bullfrog skeletons
  Jessica (D:2)
  3 iguanas
  8 orc wizards
  Natasha (thrice) (D:4)
  A hound skeleton (D:4)
  2 howler monkey zombies
  10 adders
  3 gnolls
  A shadow imp (D:7)
  2 white imps (D:6)
  An ufetubus (D:6)
  4 worms
  27 orcs
  8 bats
  4 endoplasms
  3 giant cockroaches
  10 hobgoblins
  10 jackals
  2 quokkas
  4 ball pythons
  4 frilled lizards
  6 goblins
  25 kobolds
  7 rats
246 creatures vanquished.

Vanquished Creatures (others)
  A sky beast (D:8)
  2 kobolds (D:9)
  4 fungi (D:5)
  2 plants (Sewer)
9 creatures vanquished.

Grand Total: 255 creatures vanquished

Notes
Turn   | Place    | Note
-------+----------+-------------------------------------------
     0 | D:1      | lunkers the Troll Cinder Acolyte began the quest for the
                  | Orb.
     0 | D:1      | Reached XP level 1. HP: 22/22 MP: 1/1
   130 | D:1      | Reached XP level 2. HP: 26/29 MP: 2/2
   521 | D:1      | Found a faded altar of an unknown god.
   646 | D:2      | Noticed Jessica
   655 | D:2      | Killed Jessica
   656 | D:2      | Reached skill level 4 in Unarmed Combat
   656 | D:2      | Reached XP level 3. HP: 33/36 MP: 3/3
   785 | D:2      | Reached XP level 4. HP: 45/45 MP: 4/4
  1457 | D:3      | Found a sparkling altar of Nemelex Xobeh.
  1618 | D:3      | Reached skill level 5 in Unarmed Combat
  1618 | D:3      | Reached XP level 5. HP: 51/53 MP: 5/5
  1695 | D:3      | Found a glowing drain.
  1749 | Sewer    | Entered a sewer
  2102 | D:4      | Found Isirghel's Antique Armour Emporium.
  2102 | D:4      | Found Ecsiec Dowk's Distillery.
  2140 | D:4      | Noticed Blork the orc
  2170 | D:4      | Killed Blork the orc
  2171 | D:4      | Reached XP level 6. HP: 43/62 MP: 3/6
  2192 | D:3      | Identified 2 scrolls of acquirement
  2192 | D:3      | Acquired the ring "Xosos" {Fly rC+ Int+6 Dex+3}
  2209 | D:3      | Acquired 1122 gold pieces
  2229 | D:4      | Noticed Grinder
  2235 | D:4      | Killed Grinder
  2236 | D:4      | Reached skill level 6 in Unarmed Combat
  2303 | D:4      | Reached XP level 7. HP: 70/70 MP: 7/7
  2304 | D:4      | Found Utzudem's Book Shop.
  2329 | D:4      | Found Sosudun's Distillery.
  2376 | D:4      | Noticed Natasha
  2385 | D:4      | Killed Natasha
  2391 | D:4      | Noticed Natasha
  2397 | D:4      | Killed Natasha
  2445 | D:4      | Reached skill level 7 in Unarmed Combat
  2818 | D:4      | Noticed Natasha
  2823 | D:4      | Killed Natasha
  2854 | D:5      | Entered Level 5 of the Dungeon
  3003 | D:4      | Bought an embroidered scarf for 208 gold pieces
  3148 | D:5      | Found a runed translucent gate.
  3149 | D:5      | Found a runed translucent gate.
  3149 | D:5      | Found a runed translucent gate.
  3149 | D:5      | Noticed Spaninq's ghost (novice OpTm)
  3231 | D:5      | Reached skill level 5 in Fighting
  3231 | D:5      | Reached skill level 8 in Unarmed Combat
  3238 | D:5      | Reached XP level 8. HP: 72/80 MP: 6/8
  3621 | D:6      | Reached skill level 9 in Unarmed Combat
  3633 | D:6      | Noticed Dowan
  3637 | D:6      | Noticed Duvessa
  3639 | D:6      | Killed Duvessa
  3648 | D:6      | Killed Dowan
  4262 | D:6      | Reached skill level 10 in Unarmed Combat
  4545 | D:7      | Found Ulalient's General Store.
  4550 | D:7      | Reached XP level 9. HP: 84/89 MP: 9/9
  4572 | D:7      | Noticed siradein's ghost (novice NaFi)
  4575 | D:7      | Found a runed translucent door.
  4610 | D:7      | Found a staircase to the Ecumenical Temple.
  5141 | D:8      | Noticed Grum
  5191 | D:8      | Killed Grum
  5192 | D:8      | Reached skill level 11 in Unarmed Combat
  5260 | D:8      | Noticed Psyche
  5330 | D:8      | Killed Psyche
  5473 | D:8      | Found a staircase to the Lair.
  5903 | D:8      | Noticed Harold
  6119 | D:8      | Killed Harold
  6120 | D:8      | Reached skill level 12 in Unarmed Combat
  6120 | D:8      | Reached XP level 10. HP: 58/102 MP: 10/10
  6275 | D:9      | Noticed Maggie
  6412 | D:9      | Killed Maggie
  6649 | D:9      | Noticed Erolcha
  6649 | D:9      | Noticed a two-headed ogre
  6702 | D:9      | Killed a two-headed ogre
  7111 | D:10     | Entered Level 10 of the Dungeon
  7255 | D:10     | Reached skill level 13 in Unarmed Combat
  7318 | D:10     | Found a staircase to the Orcish Mines.
  7484 | D:10     | Found Siat's Elemental Accessories.
  7993 | D:11     | Found a portal to a secret trove of treasure.
  8138 | D:11     | Noticed a manticore
  8144 | D:11     | Killed a manticore
  8181 | D:11     | Noticed a two-headed ogre
  8192 | D:11     | Killed a two-headed ogre
  8193 | D:11     | Reached XP level 11. HP: 78/113 MP: 11/11
  8317 | D:11     | Noticed a boulder beetle
  8329 | D:11     | Killed a boulder beetle
  8330 | D:11     | Reached skill level 14 in Unarmed Combat
  8675 | D:11     | Found Veugout's Armour Shop.
  8678 | D:11     | Bought the +1 helmet "Enozegh" {rN+ Will- Str+5} for 351
                  | gold pieces
  8680 | D:11     | Bought a +0 cloak of poison resistance for 110 gold pieces
  8934 | D:12     | Noticed a deep elf pyromancer
  8954 | D:12     | Killed a deep elf pyromancer
  9029 | D:12     | Reached skill level 15 in Unarmed Combat
  9158 | D:12     | Noticed a deep elf pyromancer
  9167 | D:12     | Killed a deep elf pyromancer
  9262 | D:12     | Noticed a skeletal warrior
  9276 | D:12     | HP: 5/117 [manticore (2)]
  9277 | D:12     | Killed a skeletal warrior
  9466 | D:12     | Noticed a six-headed hydra
  9475 | D:12     | Noticed a cyan ugly thing
  9475 | D:12     | Noticed a two-headed ogre
  9475 | D:12     | Noticed a white ugly thing
  9477 | D:12     | HP: 4/117 [cyan ugly thing (14)]
  9478 | D:12     | Noticed a boulder beetle
  9478 | D:12     | Mangled by a white ugly thing

Illustrated notes

Levels and vault maps discovered:
D:1:      evilmike_arrival_crescent, layout_basic,
          hellmonk_ecumenical_altar_defaced_shrine
D:2:      layout_rooms, minmay_circled_x, uniq_jessica
D:3:      layout_rooms, nemelex_dance_club_becter, cheibrodos_sewer_entry_bend
D:4:      layout_loops_ring, serial_glass, glass_columns_a, glass_columns_a,
          serial_shops, shop, nicolae_shop_statue_plus, shop, shop_fountains,
          uniq_natasha, uniq_grinder, uniq_blork_the_orc
D:5:      layout_loops_ring, gammafunk_ghost_nasty_kobolds,
          kennysheep_generic_room_7
D:6:      layout_cave_pods, uniq_duvessa
D:7:      layout_basic, minmay_temple_entry_arrows, serial_shops, shop,
          ebering_ghost_inner_flame
D:8:      layout_gridville, lair_entry_dummy, uniq_harold, uniq_psyche,
          uniq_grum
D:9:      layout_long_grid, uniq_erolcha, uniq_maggie
D:10:     layout_basic, orc_0_dummy, nicolae_elemental_shop,
          serial_bayou_pond_a, abandoned_shop
D:11:     layout_roguey, serial_shops, nicolae_shop_behind_doors,
          nicolae_trove_entry_path_of_doom
D:12:     minmay_quarter_circles, layout_loops_ring, st_stairs_6

Skill      XL: |  1  2  3  4  5  6  7  8  9 10 11 |
---------------+----------------------------------+-----
Unarmed Combat | 4 5 6 8 10 12 13 15 | 15.4
Fighting       | 3 4 5 6 7 8 9 |  9.9
Spellcasting   | |  1.0
Fire Magic     | |  2.1

Action                   |  1- 3 |  4- 6 |  7- 9 | 10-12 || total
-------------------------+-------+-------+-------+-------++-------
Melee: Unarmed           |    80 |   136 |   276 |   230 ||   722
       Punch             |       |     3 |    12 |    18 ||    33
Throw: Dart              |       |    26 |    12 |    28 ||    66
Evoke: Wand              |       |       |     4 |     3 ||     7
  Use: Scroll            |       |     5 |    21 |     8 ||    34
       Potion            |       |       |       |     2 ||     2
Armor: Robe              |    51 |    46 |    42 |       ||   139
       Steam dragon scal |       |       |    32 |    13 ||    45
       Swamp dragon scal |       |       |       |    81 ||    81
Dodge: Dodged            |    52 |    50 |   159 |   149 ||   410

Table legend: (Time is in decaauts)
 A = Elapsed time spent in this place.
 B = Non-inter-level travel time spent in this place.
 C = Inter-level travel time spent in this place.
 D = Time resting spent in this place.
 E = Time spent auto-exploring this place.
 F = Levels seen in this place.
 G = Mean time per level.
                   A        B        C        D        E       F      G
               +--------+--------+--------+--------+--------+-----+--------+
         Total |   9392 |   9066 |    326 |    218 |   6638 |  13 |  722.5 |
       Dungeon |   9119 |   8793 |    326 |    218 |   6561 |  12 |  759.9 |
         Sewer |    273 |    273 |      0 |      0 |     76 |   1 |  273.0 |
               +--------+--------+--------+--------+--------+-----+--------+

Top non-repeatable levels by time:
     D:8: 1202 daAuts
    D:11: 981 daAuts
     D:6: 945 daAuts
    D:10: 757 daAuts
     D:4: 728 daAuts
     D:5: 713 daAuts
     D:9: 699 daAuts
     D:1: 686 daAuts
     D:7: 629 daAuts
     D:3: 624 daAuts
    D:12: 575 daAuts
     D:2: 574 daAuts
   Sewer: 273 daAuts
